 Dungeon Crawl Stone Soup version 0.18.1-5-g4a78601 (webtiles) character file.

335 LORDOFBUTT the Ruffian (level 6, -3/73 HPs)
             Began as a Demonspawn Berserker on May 10, 2016.
             Was a Believer of Trog.
             Slain by Legion's ghost (12 damage)
             ... on level 4 of the Dungeon.
             The game lasted 00:02:48 (2387 turns).

LORDOFBUTT the Ruffian (Demonspawn Berserker)       Turns: 2387, Time: 00:02:49

Health: -3/73      AC:  2    Str: 23    XL:     6   Next: 28%
Magic:  6/6        EV: 16    Int:  8    God:    Trog [**....]
Gold:   104        SH:  0    Dex: 14    Spells: 0 memorised, 5 levels left

rFire  . . .     SeeInvis .       - Unarmed
rCold  . . .     Gourm    .     a - +0 animal skin
rNeg   . . .     Faith    .     (no shield)
rPois  .         Spirit   .     (helmet restricted)
rElec  .         Dismiss  .     (no cloak)
rCorr  .         Reflect  .     (no gloves)
SustAt .         Harm     .     (no boots)
MR     .....                    (no amulet)
Stlth  ..........               (no ring)
                                c - +3 ring of evasion

@: berserking, lethally poisoned (-3 -> -8), very quick, not resistant to
hostile enchantments, extremely unstealthy
A: horns 2, nightstalker 1
a: Berserk, Trog's Hand, Burn Spellbooks, Renounce Religion


You were on level 4 of the Dungeon.
You worshipped Trog.
Trog was pleased with you.
You were very hungry.

You visited 1 branch of the dungeon, and saw 4 of its levels.

You collected 104 gold pieces.

Inventory:

Armour
 a - a +0 animal skin (worn)
Jewellery
 c - a +3 ring of evasion (left hand)
 d - an uncursed ring of ice
Scrolls
 g - a scroll of enchant armour {unknown}
 k - 2 scrolls of remove curse
 l - a scroll of fear
Potions
 f - 2 potions of heal wounds
 h - a potion of brilliance
 i - a potion of might
 j - a potion of magic
 m - a potion of curing {unknown}
 n - a potion of cancellation {unknown}
Comestibles
 b - 6 bread rations


   Skills:
 + Level 4.3 Fighting
 + Level 1.9 Armour
 + Level 3.4 Dodging
 + Level 1.2 Stealth
 + Level 4.5 Unarmed Combat


You had 5 spell levels left.
You didn't know any spells.

Dungeon Overview and Level Annotations

Branches:
Dungeon (4/15)
 Temple: D:4-7

Altars:
Fedhas
Makhleb
Nemelex Xobeh
Qazlal
Vehumet
Yredelemnul
The Shining One

Annotations:
D:4 Legion's ghost, amateur GrGl


Innate Abilities, Weirdness & Mutations

You have a pair of horns on your head.
You are slightly more attuned to the shadows.


Message History

A red film seems to cover your vision as you go berserk!
You feel yourself moving faster!
You feel mighty!
You are feeling very hungry.
You hear the brisk hiss of a distant avalanche of sand.
Legion's ghost misses you. The worker ant bites you.
* * * LOW HITPOINT WARNING * * *
You hit Legion's ghost.
You headbutt Legion's ghost, but do no damage.
Legion's ghost is lightly damaged.
The worker ant barely misses you. Legion's ghost barely misses you.
You punch Legion's ghost!
Legion's ghost is moderately damaged.
The worker ant bites you.
* * * LOW HITPOINT WARNING * * *
You are poisoned.
The worker ant poisons you!
You completely miss Legion's ghost. Your headbutt misses Legion's ghost.
Legion's ghost is moderately damaged.
You feel sick. Legion's ghost hits you!
You die...

#......# ..... #.#
#######..#...... #.###### ..
.......#.#.......#..#...###..
.)..........._...............
###..#.#.#.......#..#...##..
.....#...#.......#..#...##.#
.... ###.# ..... #..#...##.##
.... ##.####W####..###......
... #.....@........ #.##.##
[....##.#.a....##.##.##)..
..##.#...+....+......##.## ..
#.#..##....###..####.# .
#.#..# #.............##
#.#..# .######.####... ...#
.# #.## #... #..# #...
##.###...


You could see a worker ant and Legion's ghost.

Vanquished Creatures
  The ghost of LORDOFBUTT the Insei, an amateur DsMo (D:3)
  An ogre (D:4)
  An iguana (D:4)
  A worker ant (D:4)
  2 adders
  A dart slug (D:1)
  3 giant geckos
  3 orcs (D:4)
  3 bats (D:3)
  2 giant cockroaches
  8 goblins
  4 hobgoblins
  2 quokkas
  3 ball pythons
  4 giant newts
  7 kobolds
  A quokka zombie (D:3)
  6 rats
53 creatures vanquished.

Notes
Turn   | Place    | Note
--------------------------------------------------------------
     0 | D:1      | LORDOFBUTT the Demonspawn Berserker began the quest for the Orb.
     0 | D:1      | Reached XP level 1. HP: 18/18 MP: 1/1
   290 | D:1      | Gained mutation: You have a pair of small horns on your head. [demonic ancestry]
   290 | D:1      | Reached XP level 2. HP: 24/24 MP: 2/2
   796 | D:2      | Gained mutation: You have a pair of horns on your head. [demonic ancestry]
   796 | D:2      | Reached XP level 3. HP: 20/29 MP: 3/3
   844 | D:2      | Found a burning altar of Makhleb.
   845 | D:2      | Found a radiant altar of Vehumet.
  1268 | D:3      | Reached ** piety under Trog
  1286 | D:3      | Noticed LORDOFBUTT's ghost (amateur DsMo)
  1331 | D:3      | Killed LORDOFBUTT's ghost
  1331 | D:3      | Reached XP level 4. HP: 20/37 MP: 4/4
  1331 | D:3      | Reached XP level 5. HP: 23/42 MP: 5/5
  1745 | D:3      | Found a stormy altar of Qazlal.
  1792 | D:3      | Found a glowing golden altar of the Shining One.
  1932 | D:3      | Found a blossoming altar of Fedhas.
  2011 | D:3      | Found a basalt altar of Yredelemnul.
  2099 | D:4      | Noticed an ogre
  2108 | D:4      | Killed an ogre
  2108 | D:4      | Reached skill level 1 in Stealth
  2108 | D:4      | Gained mutation: You are slightly more attuned to the shadows. [demonic ancestry]
  2108 | D:4      | Reached XP level 6. HP: 35/48 MP: 6/6
  2328 | D:4      | Found a sparkling altar of Nemelex Xobeh.
  2379 | D:4      | Noticed Legion's ghost (amateur GrGl)
  2387 | D:4      | Slain by Legion's ghost

Skill      XL: |  1  2  3  4  5 |
---------------+----------------+-----
Unarmed Combat | 3 4 |  4.5
Dodging        | 2 3 |  3.4
Fighting       | 4 |  4.3
Stealth        | 1 |  1.2
Armour         | |  1.9

Action                   |  1- 3 |  4- 6 || total
-------------------------+-------+-------++-------
Melee: Unarmed           |   102 |    83 ||   185
       Headbutt          |    10 |     9 ||    19
Invok: Berserk           |     1 |     2 ||     3
  Use: Scroll            |     4 |     4 ||     8
 Stab: Sleeping          |     1 |     3 ||     4
  Eat: Pizza             |     2 |       ||     2
       Beef jerky        |       |     2 ||     2
Armor: Animal skin       |    10 |     9 ||    19
Dodge: Dodged            |    50 |    59 ||   109
